 Dungeon Crawl Stone Soup version 0.31-a0-1308-ga3cce3a448 (webtiles) character file.

Game seed: 10391882059241542615

33 senseless the Ruffian (level 3, -5/29 HPs)
             Began as a Draconian Shapeshifter on Dec 19, 2023.
             Slain by an iguana (11 damage)
             ... on level 2 of the Dungeon.
             The game lasted 00:01:54 (815 turns).

senseless the Ruffian (Draconian Shapeshifter)       Turns: 815, Time: 00:01:54

Health: -5/29      AC:  5    Str: 16    XL:     3   Next: 12%
Magic:  3/3        EV: 12    Int: 10    God:
Gold:   7          SH:  0    Dex: 12    Spells: 2/2 levels left

rFire   . .          .
                       - Unarmed
rCold   . . .        (no shield)
rNeg    . . .        (body armour unavailable)
rPois   .            (helmet currently unavailable)
rElec   .            (cloak currently unavailable)
rCorr   +            (gloves currently unavailable)
SInv    .            (boots currently unavailable)
Will    .....        (no amulet)
Stlth   +            f - ring of resist corrosion
HPRegen 0.24/turn    (no ring)
MPRegen 0.08/turn

%: no passive effects
@: beast-form
A: beast (slay +1), AC +5, unfitting armour, cold-blooded
a: Begin Untransformation


You were on level 2 of the Dungeon.
You were a hulking beast.
You visited 1 branch of the dungeon, and saw 2 of its levels.

You collected 27 gold pieces.
You spent 20 gold pieces at shops.

Inventory:

Missiles
 g - 5 poisoned darts (quivered)
Jewellery
 f - a ring of resist corrosion (left hand)
Talismans
 b - a beast talisman
 c - a flux talisman
Scrolls
 d - a scroll of enchant weapon
 e - 2 scrolls of identify
Potions
 a - a potion of lignification


   Skills:
 + Level 1.9 Fighting
 + Level 2.2 Dodging
 + Level 3.3 Unarmed Combat
 + Level 3.3 Shapeshifting


You had 2 spell levels left.
You didn't know any spells.
Your spell library contained the following spells:

 Spells                   Type           Power      Damage    Failure   Level
 Shock                    Conj/Air       0%         1d3       36%         1
 Blink                    Tloc           0%         N/A       50%         2
 Ensorcelled Hibernation  Hex/Ice        0%         N/A       50%         2
 Lesser Beckoning         Tloc           0%         N/A       50%         2
 Momentum Strike          Conj/Tloc      0%         3d8       50%         2
 Passwall                 Tmut/Erth      0%         N/A       50%         2
 Swiftness                Air            0%         N/A       75%         3
 Airstrike                Air            0%         2d(0-16)  98%         4
 Simulacrum               Ice/Necr       0%         N/A       100%        6
 Ozocubu's Refrigeration  Ice            0%         4d7       100%        7
 Polar Vortex             Ice            0%         N/A       100%        9


Dungeon Overview and Level Annotations

Branches:
Dungeon (2/15)

Altars:

Shops:
D:1 =**


Innate Abilities, Weirdness & Mutations

You are a hulking beast.
Your limbs bulge with bestial killing power. (Slay +1)
Your plain brown scales are hard. (AC +5)
You cannot fit into any form of body armour.
You are cold-blooded and may be slowed by cold attacks.


Message History

You punch the rat!
You kill the rat!
The iguana barely misses you.
You see here a rat corpse.
You hit the iguana.
You tail-slap the iguana, but do no damage.
The iguana is lightly wounded.
The iguana bites you!
You hit the iguana.
The iguana is heavily wounded.
The iguana closely misses you.
You barely miss the iguana.
The iguana is heavily wounded.
The iguana bites you!
You are too injured to fight recklessly!
You are too injured to fight recklessly!
You are too injured to fight recklessly!
You are too injured to fight recklessly!
You are too injured to fight recklessly!
You are too injured to fight recklessly!
You are too injured to fight recklessly!
You are too injured to fight recklessly!
You are too injured to fight recklessly!
You are too injured to fight recklessly!
You are too injured to fight recklessly!
You are too injured to fight recklessly!
You are too injured to fight recklessly!
You are too injured to fight recklessly!
You are too injured to fight recklessly!
You closely miss the iguana.
The iguana is heavily wounded.
The iguana barely misses you.
You barely miss the iguana.
The iguana is heavily wounded.
The iguana bites you.
* * * LOW HITPOINT WARNING * * *
You hit the iguana but do no damage.
The iguana is heavily wounded.
The iguana bites you!
You die...

##.####.# ##.# #.#
..<# #.# #### #.#
#######.###########
...........#......####
....#....#.....†......
..
#..#.#..#.'########+
#....#....#.hl.....#
##.#.#.##.#.+####+.#
#.#.#.##.#.#
......##.#.#
####.####.#.# . #.#.#
#.#.+ #..


You could see an iguana.

Vanquished Creatures
  A dart slug (D:2)
  5 ball pythons (D:1)
  2 endoplasms (D:1)
  4 goblins (D:1)
  4 hobgoblins
  2 quokkas (D:1)
  3 bats (D:1)
  3 kobolds (D:1)
  7 rats
31 creatures vanquished.

Notes
Turn   | Place    | Note
-------+----------+-------------------------------------------
     0 | D:1      | senseless the Draconian Shapeshifter began the quest for
                  | the Orb.
     0 | D:1      | Reached XP level 1. HP: 16/16 MP: 1/1
    71 | D:1      | Reached XP level 2. HP: 19/23 MP: 2/2
   335 | D:1      | Found Fetytusy's General Store.
   341 | D:1      | Bought a scroll of identify for 20 gold pieces
   417 | D:1      | Found Wyuce's Assorted Antiques.
   620 | D:1      | Found Taxum's Jewellery Shoppe.
   645 | D:1      | Reached XP level 3. HP: 29/29 MP: 3/3
   815 | D:2      | Slain by an iguana

Illustrated notes

Levels and vault maps discovered:
D:1:      psy_arrival_conway, layout_basic, serial_shops,
          nicolae_shop_hallway_stairs, shop, nicolae_shop_rolling_square,
          minmay_tetromino_o4
D:2:      layout_loops_cross, minivault_11

Skill      XL: |  1 |
---------------+----+-----
Dodging        | 2 |  2.2
Fighting       | |  1.9
Unarmed Combat | |  3.3
Shapeshifting  | |  3.3

Action                     || total
---------------------------++-------
  Melee: Unarmed           ||    71
         Punch             ||     1
         Tailslap          ||     5
    Use: Scroll            ||     1
 Armour: Skin              ||    46
  Dodge: Dodged            ||    53

Table legend: (Time is in decaauts)
 A = Elapsed time spent in this place.
 B = Non-inter-level travel time spent in this place.
 C = Inter-level travel time spent in this place.
 D = Time resting spent in this place.
 E = Time spent auto-exploring this place.
 F = Levels seen in this place.
 G = Mean time per level.
                   A        B        C        D        E       F      G
               +--------+--------+--------+--------+--------+-----+--------+
         Total |    814 |    797 |     17 |      0 |    642 |   2 |  407.0 |
       Dungeon |    814 |    797 |     17 |      0 |    642 |   2 |  407.0 |
               +--------+--------+--------+--------+--------+-----+--------+

Top non-repeatable levels by time:
     D:1: 755 daAuts
     D:2: 59 daAuts
